AoeStats
← Nic

Arabia

509868847Analyzed
1v1 RM · 4d ago on Sep 28, 2026· 23m 10s· 2 players
Game mode
Random Map
Map size
Tiny (2 player)
Population
200
Speed
Normal
Resources
Standard
Victory
Conquest
Starting age
Dark Age
Ending age
Imperial Age
RankedLock teamsTeams togetherTeam positionsShared explorationLock speedFull tech treeHidden civsTurbo modeCheats
Victory
Defeat
🇹🇼 Magyars · Taiwan
949
+17
🇮🇱 Britons · Israel
960
-17
Nic
11:00 Feudal Age
11:22 Loom
11:32 Double-Bit Axe
19:22 Castle Age
17:46 Town Watch
19:58 Scale Barding Armor
21:26 Bloodlines
CorrosiveSauce7
6:40 Loom
9:25 Feudal Age
10:09 Double-Bit Axe
10:38 Horse Collar
21:24 Town Watch
24:33 Castle Age
Connection lost

Rejoining the realm…

Still unreachable

The connection could not be restored.

Session expired

The server has moved on; the page needs a fresh start.